 Dungeon Crawl Stone Soup version 0.31-a0-925-g0a390f2509 (webtiles) character file.

Game seed: 5331125740514535893

36435 Dirtsage the Basher (level 13, 0/85 HPs)
             Began as a Gargoyle Fighter on Oct 18, 2023.
             Was a High Priest of Okawaru.
             Slain by Rupert
             ... wielding a +2 heavy great mace
              (4 damage)
             ... on level 4 of the Lair of Beasts.
             The game lasted 00:41:01 (15054 turns).

Dirtsage the Basher (Gargoyle Fighter)             Turns: 15054, Time: 00:41:01

Health: 0/85       AC: 29    Str: 20    XL:     13   Next: 90%
Magic:  13/19      EV: 12    Int: 12    God:    Okawaru [*****.]
Gold:   588        SH:  8    Dex: 11    Spells: 12/12 levels left

rFire   + + .        Q - +3 eveningstar (elec)
rCold   + . .        c - +0 buckler
rNeg    + . .        I - +2 ring mail of the Comet {Rampage rF+ Will+ Regen+}
rPois   ∞            m - +0 helmet
rElec   +            s - scarf {rC+ rF+}
rCorr   .            (no gloves)
SInv    .            (no boots)
Will    +....        j - amulet of regeneration
Stlth   ++           z - +4 ring of protection
HPRegen 1.94/turn    k - +4 ring of protection
MPRegen 0.16/turn

%: rampage
@: heroic, finesse-ful
A: sickness immunity, AC +9, negative energy resistance 1, electricity
resistance, torment resistance 1, petrification resistance
a: Renounce Religion, Heroism, Finesse, Duel


You were on level 4 of the Lair of Beasts.
You worshipped Okawaru.
Okawaru was extremely pleased with you.
You visited 3 branches of the dungeon, and saw 16 of its levels.
You also visited: Sewer and Bailey.

You collected 867 gold pieces.
You spent 279 gold pieces at shops.

Inventory:

Hand Weapons
 Q - a +3 eveningstar of electrocution (weapon)
Missiles
 y - 6 curare-tipped darts
 L - 4 throwing nets
Armour
 c - a +0 buckler (worn)
 m - a +0 helmet (worn)
 n - the +1 helmet "Biusuo" {rPois rC- rN+}
   (You found it on level 10 of the Dungeon)

   rC-:       It makes you vulnerable to cold.
   rPois:     It protects you from poison rN+: It protects you from negative
   energy.
 s - a scarf of resistance (worn)
 I - the +2 ring mail of the Comet (worn) {Rampage rF+ Will+ Regen+}
   (Okawaru gifted it to you on level 4 of the Lair of Beasts)

   rF+:       It protects you from fire.
   Will+:     It increases your willpower.
   Regen+:    It increases your rate of health regeneration.
   Rampage:   It bestows one free step when moving towards enemies.
Jewellery
 i - a +6 ring of intelligence
 j - an amulet of regeneration (around neck)
 k - a +4 ring of protection (right hand)
 z - a +4 ring of protection (left hand)
 A - a ring of fire
 C - a ring of resist corrosion
 T - a ring of flight
 W - an amulet of faith
Wands
 a - a wand of flame (33)
 b - a wand of quicksilver (18)
 D - a wand of digging (6)
 F - a wand of mindburst (15)
 J - a wand of paralysis (9)
 P - a wand of iceblast (17)
Scrolls
 e - 3 scrolls of noise {unknown}
 f - 2 scrolls of immolation {unknown}
 g - 3 scrolls of vulnerability {unknown}
 t - 3 scrolls of teleportation
 v - 7 scrolls of enchant weapon
 w - a scroll of summoning
 B - 4 scrolls of blinking
 G - 4 scrolls of silence
 H - 3 scrolls of fog
 M - 3 scrolls of fear {unknown}
 R - a scroll of poison {unknown}
 U - a scroll of acquirement {unknown}
 X - 2 scrolls of revelation {unknown}
 Y - a scroll of amnesia {unknown}
Potions
 d - 5 potions of might
 h - 4 potions of haste
 l - 3 potions of heal wounds
 o - 4 potions of attraction
 p - a potion of cancellation
 q - 9 potions of curing
 r - 4 potions of brilliance
 u - 3 potions of magic
 E - 3 potions of mutation
 N - a potion of enlightenment
 O - 5 potions of lignification
 S - 2 potions of invisibility
 Z - a potion of ambrosia
Miscellaneous
 V - a phantom mirror


   Skills:
 + Level 11.9(16.9) Fighting
 * Level 14.9(19.9) Maces & Flails
 - Level 10.0(15.0) Armour
 + Level 11.0(16.0) Shields
 + Level 9.1 Invocations


You had 12 spell levels left.
You didn't know any spells.
Your spell library contained the following spells:

 Spells                   Type           Power      Damage    Failure   Level
 Apportation              Tloc           0%         N/A       45%         1
 Kiss of Death            Conj/Necr      0%         2d5       45%         1
 Necrotise                Necr           0%         1d4       45%         1
 Sandblast                Erth           0%         2d4       45%         1
 Slow                     Hex            0%         N/A       45%         1
 Sting                    Tmut/Pois      0%         1d3       45%         1
 Passwall                 Tmut/Erth      0%         N/A       61%         2
 Wereblood                Tmut           0%         N/A       61%         2
 Confusing Touch          Hex            0%         N/A       83%         3
 Ignite Poison            Fire/Tmut/Pois 0%         N/A       83%         3
 Sigil of Binding         Hex            0%         N/A       83%         3
 Stone Arrow              Conj/Erth      0%         3d7       83%         3
 Vampiric Draining        Necr           0%         2d6       83%         3
 Brom's Barrelling Bould  Conj/Erth      0%         2d3       99%         4
 Dispel Undead            Necr           0%         3d6       99%         4
 Sticky Flame             Conj/Fire      0%         2d3       99%         4
 Ignition                 Fire           0%         3d3       100%        8
 Summon Small Mammal      Summ           Unusable   N/A       N/A         1
 Sublimation of Blood     Necr           Unusable   N/A       N/A         2
 Summon Hydra             Summ           Unusable   N/A       N/A         7

Dungeon Overview and Level Annotations

Branches:
Dungeon (11/15)            Temple (1/1) D:6            Lair (4/5) D:11
 Shoals (0/4) Lair:2       Spider (0/4) Lair:2        Sewer (visited)
 Bailey (visited)
  Slime: Lair:4-5       Orc: D:9-12

Altars:
Ashenzari
Cheibriados
Dithmenos
Elyvilon
Fedhas
Gozag
Hepliaklqana
Kikubaaqudgha
Makhleb
Nemelex Xobeh
Okawaru
Qazlal
Ru
Sif Muna
Trog
Uskayaw
Vehumet
Wu Jian
Xom
Yredelemnul
Zin
The Shining One

Shops:
D:6 ?   D:8 **   D:9 *

Annotations:
D:2 1 runed translucent door, Crazy Yiuf
Lair:4 Rupert


Innate Abilities, Weirdness & Mutations

You are immune to sickness and miasma.
Your stone body is resilient. (AC +9)
You are immune to poison.
You resist negative energy. (rN+)
You are resistant to electric shocks. (rElec)
You are resistant to unholy torment.
You are immune to petrification.


Message History

There is an open door here.
There is an open door here.
You see here a +0 long sword.
You see here an amulet of the acrobat.
There is an open door here.
There is an open door here.
Health restored: 85
As you read the scroll of enchant weapon, it crumbles to dust.
Your +2 eveningstar of electrocution glows red for a moment.
Okay, then.
You gain the combat prowess of a mighty hero.
You now have 17/19 mp.
You can now deal lightning-fast blows.
You now have 12/19 mp.
You open the door.
Rupert roars madly and goes into a rage!
Rupert goes berserk!
Rupert hits you with a +2 heavy great mace!!
You take 24 damage, and have 61/85 hp.
MASSIVE DAMAGE!!
You hit Rupert but do no damage. You closely miss Rupert.
You closely miss Rupert.
Rupert hits you with a +2 heavy great mace!!
You take 30 damage, and have 33/85 hp.
MASSIVE DAMAGE!!
You impale Rupert!!
Rupert is lightly wounded.
You bludgeon Rupert!!
Rupert is moderately wounded.
Rupert hits you with a +2 heavy great mace!!
* * * LOW HITPOINT WARNING * * *
You take 32 damage, and have 2/85 hp.
MASSIVE DAMAGE!!
You hit Rupert. Lightning courses through Rupert!
Rupert is moderately wounded.
You sock Rupert!
Rupert is heavily wounded.
You closely miss Rupert.
Rupert is heavily wounded.
Rupert hits you with a +2 heavy great mace.
You die...
Rupert roars with triumph.

♣.... ♣♣♣♣♣♣....
###############..♣♣.♣♣♣.
#....#..#.....#.§.♣♣.♣♣♣
#....'..#.....#§..♣♣♣.♣♣
#....#..'.....'.§.♣..♣.♣
####'#..#.....#..♣..♣♣♣♣
#.)[.#..#######..♣♣♣.♣ ♣
#[..÷#.@@..|..#§§♣..♣♣ ♣
#....#..#....÷#.§♣.♣.♣♣♣
###############..♣♣.♣.♣.
♣.♣♣♣♣....
♣♣♣♣♣♣♣♣♣♣♣♣...#
♣♣♣♣♣..♣♣..♣♣..♣♣#.#
#...................
####......#P.#..##.##..
#.......#.......####...


You could see Rupert (berserk).

Vanquished Creatures
  Nessos (Lair:3)
  Josephine (D:11)
  A hydra (Lair:3)
  A two-headed ogre (D:11)
  3 death yaks (D:11)
  Urug (Lair:3)
  Sonja (Lair:3)
  2 skysharks
  Pikel (D:4)
  2 wolf spiders (Lair:2)
  2 merfolk sirens (Lair:2)
  A black mamba (Lair:2)
  4 elephants (Lair:3)
  An unseen horror (D:6)
  8 cane toads
  Maggie (D:6)
  A kobold demonologist (D:11)
  6 komodo dragons
  Grinder (D:3)
  A hornet (D:10)
  A troll (D:11)
  2 polar bears
  15 blink frogs
  Prince Ribbit (D:6)
  Sigmund (D:5)
  A shadow (D:10)
  2 vampires
  4 wyverns
  3 wraiths (D:11)
  36 yaks
  A human (Lair:4)
  2 basilisks
  4 vampire mosquitoes (D:11)
  Menkaure (D:6)
  Edmund (D:5)
  11 water moccasins
  13 orc warriors
  An ice beast (D:5)
  An ogre (D:5)
  18 centaurs
  13 wolves
  6 kobold brigands
  24 bullfrogs
  A gnoll sergeant (D:8)
  4 scorpions
  4 wights (D:10)
  10 killer bees (D:11)
  2 howler monkeys
  9 electric eels
  3 hounds
  A jelly (D:5)
  2 gnoll boudas
  3 orc priests
  2 iguanas (D:5)
  13 orc wizards
  4 sleepcaps
  Natasha (thrice) (D:2)
  A scorpion zombie (D:3)
  5 hell rats (Lair:3)
  Robin (D:2)
  26 gnolls
  13 adders
  A river rat (Sewer)
  An ufetubus (D:7)
  An adder zombie (D:3)
  4 worms
  3 dart slugs (D:2)
  73 orcs
  3 endoplasms
  2 giant cockroaches
  23 goblins
  6 hobgoblins
  6 jackals
  22 kobolds
  4 quokkas
  8 ball pythons
  4 bats
  10 frilled lizards
  10 rats
490 creatures vanquished.

Notes
Turn   | Place    | Note
-------+----------+-------------------------------------------
     0 | D:1      | Dirtsage the Gargoyle Fighter began the quest for the Orb.
     0 | D:1      | Reached XP level 1. HP: 14/14 MP: 1/1
   172 | D:1      | Reached XP level 2. HP: 15/19 MP: 2/2
   529 | D:1      | Reached skill level 3 in Maces & Flails
   913 | D:2      | Identified the "Teutaz"
   923 | D:2      | Reached XP level 3. HP: 13/23 MP: 3/3
   987 | D:2      | Reached XP level 4. HP: 25/29 MP: 4/4
   992 | D:2      | Reached skill level 4 in Maces & Flails
  1006 | D:2      | Found a hide-covered altar of Uskayaw.
  1016 | D:2      | Noticed Robin
  1065 | D:2      | Killed Robin
  1225 | D:2      | Reached XP level 5. HP: 33/33 MP: 5/5
  1288 | D:2      | Noticed Natasha
  1304 | D:2      | Killed Natasha
  1359 | D:2      | Found a runed translucent door.
  1360 | D:2      | Noticed Crazy Yiuf
  1505 | D:2      | Noticed Natasha
  1512 | D:2      | Killed Natasha
  1514 | D:2      | Noticed Natasha
  1525 | D:2      | Killed Natasha
  1526 | D:2      | Reached skill level 5 in Maces & Flails
  1569 | D:2      | Found a faded altar of an unknown god.
  1824 | D:3      | Reached XP level 6. HP: 39/39 MP: 6/6
  1835 | D:3      | Found a hazy altar of Hepliaklqana.
  1959 | D:3      | Found a basalt altar of Yredelemnul.
  2041 | D:3      | Found a glowing drain.
  2066 | Sewer    | Entered a sewer
  2103 | Sewer    | Reached skill level 5 in Fighting
  2166 | Sewer    | Reached skill level 6 in Maces & Flails
  2189 | Sewer    | Reached XP level 7. HP: 44/44 MP: 7/7
  2821 | D:3      | Noticed Grinder
  2832 | D:3      | Paralysed by Grinder for 2 turns
  2834 | D:3      | Killed Grinder
  3192 | D:4      | Found a broken altar of Ashenzari.
  3223 | D:4      | Identified the +1 robe of Boll {Will+ rCorr MP-9 SInv}
  3231 | D:4      | Found a shimmering altar of Xom.
  3237 | D:4      | Found an ornate altar of the Wu Jian Council.
  3242 | D:4      | Found a sparkling altar of Nemelex Xobeh.
  3288 | D:4      | Noticed Pikel
  3305 | D:4      | Killed Pikel
  3306 | D:4      | Reached skill level 7 in Maces & Flails
  3306 | D:4      | Reached XP level 8. HP: 39/52 MP: 8/8
  3534 | D:4      | Reached skill level 5 in Shields
  3543 | D:4      | Reached skill level 5 in Armour
  3763 | D:4      | Found a hide-covered altar of Uskayaw.
  3986 | D:5      | Entered Level 5 of the Dungeon
  4018 | D:5      | Reached skill level 8 in Maces & Flails
  4147 | D:5      | Reached XP level 9. HP: 47/56 MP: 9/9
  4203 | D:5      | Found a sacrificial altar of Ru.
  4237 | D:5      | Noticed Edmund
  4255 | D:5      | Killed Edmund
  4530 | D:5      | Noticed Sigmund
  4546 | D:5      | Killed Sigmund
  4687 | D:5      | Reached skill level 9 in Maces & Flails
  4966 | D:6      | Identified the of Jeogh
  4966 | D:6      | Identified the "Qeupt"
  4966 | D:6      | Identified the "Bos Por"
  5006 | D:6      | Found Reluach's Magic Scroll Shop.
  5012 | D:6      | Bought a scroll of identify for 20 gold pieces
  5012 | D:6      | Bought a scroll of blinking for 75 gold pieces
  5012 | D:6      | Bought a scroll of identify for 20 gold pieces
  5012 | D:6      | Bought a scroll of fog for 40 gold pieces
  5058 | D:6      | Found a shimmering blue altar of Sif Muna.
  5125 | D:6      | Killed an unseen horror
  5150 | D:6      | Found a staircase to the Ecumenical Temple.
  5159 | Temple   | Entered the Ecumenical Temple
  5166 | Temple   | Became a worshipper of Warmaster Okawaru
  5191 | D:6      | Noticed Prince Ribbit
  5212 | D:6      | Killed Prince Ribbit
  5331 | D:6      | Noticed Menkaure
  5341 | D:6      | Killed Menkaure
  5342 | D:6      | Reached skill level 1 in Invocations
  5449 | D:6      | Noticed Maggie
  5461 | D:6      | Paralysed by Maggie for 5 turns
  5480 | D:6      | Killed Maggie
  5480 | D:6      | Reached * piety under Okawaru
  5481 | D:6      | Reached XP level 10. HP: 64/64 MP: 9/11
  6008 | D:7      | Reached skill level 10 in Maces & Flails
  6111 | D:7      | Found a flagged portal.
  6142 | Bailey   | Entered a bailey
  6383 | Bailey   | Reached ** piety under Okawaru
  7223 | D:7      | Identified the +3 flail of the Radish {protect, rPois
                  | Dex+3}
  7452 | D:8      | Found Ea-nāṣir's Fine Metal Goods.
  7714 | D:8      | Reached *** piety under Okawaru
  7751 | D:8      | Found Nana's Assorted Antiques.
  7759 | D:8      | Bought a bubbling green potion for 23 gold pieces
  7759 | D:8      | Bought a coppery potion for 23 gold pieces
  7759 | D:8      | Bought a scroll of identify for 52 gold pieces
  7759 | D:8      | Bought a scroll labelled UXYRAF GO WENG for 26 gold pieces
  8448 | D:9      | Reached skill level 11 in Maces & Flails
  8448 | D:9      | Reached XP level 11. HP: 69/69 MP: 14/14
  8492 | D:9      | Found Zin's Purification Station.
  8497 | D:9      | Found a glowing silver altar of Zin.
  8660 | D:9      | Found a snail-covered altar of Cheibriados.
  9359 | D:10     | Entered Level 10 of the Dungeon
  9519 | D:10     | Identified the +1 helmet "Biusuo" {rPois rC- rN+}
 10019 | D:10     | Found a white marble altar of Elyvilon.
 10112 | D:10     | Reached **** piety under Okawaru
 10547 | D:11     | Noticed a two-headed ogre
 10556 | D:11     | Killed a two-headed ogre
 10557 | D:11     | Reached skill level 5 in Invocations
 10604 | D:11     | Noticed a death yak
 10608 | D:11     | Noticed a death yak
 10620 | D:11     | Noticed a death yak
 10636 | D:11     | Killed a death yak
 10655 | D:11     | Killed a death yak
 10680 | D:11     | Killed a death yak
 10680 | D:11     | Reached ***** piety under Okawaru
 10681 | D:11     | Reached skill level 12 in Maces & Flails
 10750 | D:11     | Found a staircase to the Lair.
 10913 | D:11     | Reached XP level 12. HP: 77/77 MP: 16/16
 10964 | D:11     | Received a gift from Okawaru
 10965 | D:11     | Reached skill level 10 in Fighting
 11067 | D:11     | Identified the +7 hand axe "Uroczil" {flame, rPois Str-4
                  | Dex+3 SInv}
 11082 | D:11     | Noticed Josephine
 11097 | D:11     | Killed Josephine
 11369 | Lair:1   | Entered Level 1 of the Lair of Beasts
 11614 | Lair:1   | Received a gift from Okawaru
 11628 | Lair:1   | Reached skill level 13 in Maces & Flails
 12195 | Lair:2   | Found a hole to the Spider Nest.
 12293 | Lair:2   | Found an opulent altar of Gozag.
 12471 | Lair:2   | Reached skill level 10 in Armour
 12556 | Lair:2   | Found a staircase to the Shoals.
 12730 | Lair:2   | Received a gift from Okawaru
 12875 | Lair:3   | Noticed Urug
 12876 | Lair:3   | Reached XP level 13. HP: 73/84 MP: 18/18
 12893 | Lair:3   | Killed Urug
 12897 | Lair:3   | Reached skill level 10 in Shields
 13188 | Lair:3   | Noticed Nessos
 13238 | Lair:3   | Killed Nessos
 13239 | Lair:3   | Reached skill level 14 in Maces & Flails
 13291 | Lair:3   | Received a gift from Okawaru
 13711 | Lair:3   | Noticed Sonja
 13766 | Lair:3   | Killed Sonja
 14764 | Lair:4   | Reached ****** piety under Okawaru
 14765 | Lair:4   | Acquired a +2 eveningstar of flaming
 14765 | Lair:4   | Received a gift from Okawaru
 14816 | Lair:4   | Found a runed translucent door.
 14829 | Lair:4   | Received a gift from Okawaru
 14830 | Lair:4   | Acquired the +2 ring mail of the Comet {Rampage rF+ Will+
                  | Regen+}
 14830 | Lair:4   | Received a gift from Okawaru
 15040 | Lair:4   | Noticed Rupert
 15051 | Lair:4   | HP: 2/85 [Rupert/+2 heavy great mace (33)]
 15054 | Lair:4   | Slain by Rupert

Illustrated notes

Levels and vault maps discovered:
D:1:      lightli_arrival_maybe_door_vault, layout_basic
D:2:      layout_basic, basic_altar, shapermc_ecumenical_altar_rom_forum,
          nicolae_concentric_dashed_squares_mild, uniq_robin, uniq_natasha,
          uniq_crazy_yiuf_cottage
D:3:      layout_loops_cross, amcnicky_altar_gilded,
          lemuel_zombie_altar_yredelemnul, cheibrodos_sewer_entry_bend,
          dreamdust_mushroom_princess, uniq_grinder
D:4:      layout_gridville, minmay_overflow_temple_star_quad, ashenzari_altar_1,
          mainiacjoe_overflow_boulevard, minivault_26, uniq_pikel
D:5:      layout_gridville, nicolae_ru_sacrificial_ziggurat, uniq_sigmund,
          uniq_edmund
D:6:      layout_basic, nicolae_sif_muna_little_library, serial_shops, shop,
          uniq_menkaure, uniq_prince_ribbit1, uniq_maggie
D:7:      layout_loops_ring, enter_bailey_7
D:8:      layout_loops_ring, serial_shops, nicolae_shop_advertising_works
          [nicolae_subvault_shop_adworks], nicolae_ea-nasir_strikes_again,
          corexii_hall_statues_x, lightli_orcish_oven
D:9:      layout_stronghold, overflow_temple_1_default, zin_purify
D:10:     layout_stronghold, mainiacjoe_overflow_small_starburst, serial_bayou,
          serial_bayou_pond_b, serial_bayou_shore_a, serial_bayou_crossing,
          serial_bayou_lake_a, serial_bayou_pond_e
D:11:     layout_rooms, dpeg_lair_monsters, uniq_josephine
Temple:   eino_wide_crystal_templ
Lair:1:   statuecave_lemuel, layout_cave_shapes, nicolae_quartered_pool_impasse
Lair:2:   layout_roguey, elwin_shoals_entry_rooms, spider_nest_entry_rubble,
          basic_altar, st_stairs_9, infiniplex_staircase_pool, lemuel_fruit_tree
Lair:3:   layout_regular_city, serial_forest, infiniplex_forest_clump_diagonal,
          infiniplex_forest_side_room, infiniplex_forest_lined_2,
          infiniplex_forest_clump_diagonal, uniq_sonja, uniq_nessos, uniq_urug
Lair:4:   layout_misc_corridors, pdpol_lair_cabin_in_the_woods

Skill      XL: |  1  2  3  4  5  6  7  8  9 10 11 12 13 |
---------------+----------------------------------------+-----
Maces & Flails | 3 4 5 6 7 8 9 11 12 13 14 | 14.9
Fighting       | 4 5 6 7 8 9 10 11 | 11.9
Armour         | 4 5 6 7 9 10 | 10.0
Shields        | 4 5 6 7 8 9 11 | 11.0
Invocations    | 1 4 5 7 9 |  9.1

Action                     |  1- 3 |  4- 6 |  7- 9 | 10-12 | 13-15 || total
---------------------------+-------+-------+-------+-------+-------++-------
  Melee: Flail             |   106 |   248 |   528 |  1372 |   558 ||  2812
         Eveningstar       |       |       |       |       |    13 ||    13
  Throw: Dart              |       |       |     2 |     2 |     3 ||     7
 Invoke: Heroism           |       |       |       |     6 |     3 ||     9
         Finesse           |       |       |       |       |     1 ||     1
         Receive Weapon    |       |       |       |       |     1 ||     1
         Receive Armour    |       |       |       |       |     1 ||     1
  Evoke: Wand              |       |       |       |       |     8 ||     8
    Use: Scroll            |       |       |     5 |     6 |     9 ||    20
         Potion            |       |       |     1 |     1 |       ||     2
   Stab: Paralysed         |       |       |       |       |     4 ||     4
 Armour: Scale mail        |    89 |   223 |   448 |     1 |       ||   761
         Swamp dragon scal |       |       |       |  1033 |   270 ||  1303
         Troll leather arm |       |       |       |   260 |   263 ||   523
         Ring mail         |       |       |       |       |     4 ||     4
         Skin              |       |       |       |       |     1 ||     1
  Dodge: Dodged            |    56 |   104 |   210 |   766 |   271 ||  1407
  Block: Buckler           |    21 |    64 |   119 |   492 |   214 ||   910

Table legend: (Time is in decaauts)
 A = Elapsed time spent in this place.
 B = Non-inter-level travel time spent in this place.
 C = Inter-level travel time spent in this place.
 D = Time resting spent in this place.
 E = Time spent auto-exploring this place.
 F = Levels seen in this place.
 G = Mean time per level.
                   A        B        C        D        E       F      G
               +--------+--------+--------+--------+--------+-----+--------+
         Total |  14966 |  14397 |    569 |    133 |  10058 |  18 |  831.4 |
       Dungeon |  10118 |   9643 |    475 |     30 |   7160 |  11 |  919.8 |
        Temple |     14 |      2 |     12 |      0 |      0 |   1 |   14.0 |
          Lair |   3459 |   3377 |     82 |     51 |   2230 |   4 |  864.8 |
         Sewer |    719 |    719 |      0 |      0 |    477 |   1 |  719.0 |
        Bailey |    654 |    654 |      0 |     52 |    190 |   1 |  654.0 |
               +--------+--------+--------+--------+--------+-----+--------+

Top non-repeatable levels by time:
    D:10: 1187 daAuts
  Lair:3: 1163 daAuts
     D:8: 994 daAuts
     D:5: 980 daAuts
     D:9: 945 daAuts
     D:1: 934 daAuts
     D:7: 934 daAuts
     D:2: 928 daAuts
  Lair:2: 866 daAuts
  Lair:4: 858 daAuts
     D:4: 833 daAuts
     D:3: 809 daAuts
    D:11: 798 daAuts
     D:6: 771 daAuts
   Sewer: 719 daAuts
